General information
- name: BNet
- type: Ladder team game (AT/RT)
- host: Battle.net
- saver: GODIEPLZ
map: UpperKingdom
- players: 6
- length: 28:27
- speed: Fast
- version: 1.24 W3XP
- replay type: Public
» download(281 KB)
Players
team 1 (loser)
GnR10 (
blue | 81 APM | 2289 actions | 28:19)
7 Keeper of the Grove
2 Entangling Roots
3 Force of Nature
2 Tranquility
» actions
| Assign group hotkey | 42 | |
| Basic commands | 12 | |
| Build / train | 112 | |
| ESC pressed | 1 | |
| Enter build submenu | 26 | |
| Enter hero's abilities submenu | 6 | |
| Give item / drop item | 1 | |
| Remove unit from queue | 8 | |
| Right click | 978 | |
| Select / deselect | 395 | |
| Select group hotkey | 593 | |
| Use ability | 115 | |
2289 total
» units
| Wisp | 37 | |
| Huntress | 10 | |
| Archer | 1 | |
| Dryad | 9 | |
| Chimaera | 8 | |
| Hippogryph | 2 | |
67 total
» upgrades
| Abolish Magic | 1 | |
| Ultravision | 1 | |
| Reinforced Hides | 2 | |
| Corrosive Breath | 1 | |
| Strength of the Wild | 2 | |
7 total
» buildings
| Altar of Elders | 1 | |
| Moon Well | 9 | |
| Hunter's Hall | 1 | |
| Ancient of War | 2 | |
| Ancient of Wonders | 1 | |
| Tree of Ages | 1 | |
| Tree of Life | 3 | |
| Ancient of Lore | 1 | |
| Ancient Protector | 1 | |
| Tree of Eternity | 1 | |
| Ancient of Wind | 1 | |
| Chimaera Roost | 4 | |
26 total
» build order
00:11 Altar of Elders
00:19 Moon Well
01:42 Hunter's Hall
01:57 Ancient of War
02:10 Moon Well
02:28 Ancient of War
03:11 Moon Well
04:46 Moon Well
05:32 Ancient of Wonders
06:28 Tree of Ages
07:33 Tree of Life
09:12 Ancient of Lore
11:36 Moon Well
12:50 Ancient Protector
13:52 Tree of Eternity
15:19 Ancient of Wind
16:43 Chimaera Roost
16:44 Chimaera Roost
16:45 Chimaera Roost
19:02 Chimaera Roost
19:32 Moon Well
22:28 Moon Well
22:30 Moon Well
22:56 Tree of Life
23:18 Tree of Life
24:02 Moon Well
» items
| Lesser Clarity Potion | 5 | |
| Moonstone | 4 | |
| Scroll of Town Portal | 6 | |
| Orb of Venom | 1 | |
| Anti-magic Potion | 1 | |
| Potion of Mana | 1 | |
18 total
MR_ASTON_MARTIN (
teal | 74 APM | 2088 actions | 28:24)
4 Keeper of the Grove
2 Entangling Roots
2 Thorns Aura
» actions
| Assign group hotkey | 40 | |
| Basic commands | 42 | |
| Build / train | 107 | |
| Enter build submenu | 24 | |
| Enter hero's abilities submenu | 4 | |
| Right click | 1097 | |
| Select / deselect | 305 | |
| Select group hotkey | 367 | |
| Use ability | 102 | |
2088 total
» units
| Wisp | 55 | |
| Huntress | 27 | |
| Mountain Giant | 3 | |
85 total
» upgrades
| Strength of the Wild | 1 | |
| Reinforced Hides | 1 | |
| Hardened Skin | 1 | |
| Resistant Skin | 1 | |
| Upgrade Moon Glaive | 1 | |
5 total
» buildings
| Altar of Elders | 1 | |
| Moon Well | 7 | |
| Hunter's Hall | 1 | |
| Ancient of War | 4 | |
| Tree of Life | 3 | |
| Tree of Ages | 1 | |
| Ancient of Wonders | 2 | |
| Ancient of Wind | 1 | |
| Ancient of Lore | 2 | |
| Tree of Eternity | 1 | |
23 total
» build order
00:08 Altar of Elders
00:18 Moon Well
01:42 Hunter's Hall
01:46 Ancient of War
02:00 Ancient of War
02:15 Moon Well
02:38 Moon Well
04:11 Moon Well
06:23 Tree of Life
10:11 Tree of Ages
10:15 Ancient of Wonders
14:08 Ancient of Wind
15:13 Ancient of Lore
15:14 Ancient of Lore
15:16 Tree of Eternity
20:55 Ancient of War
20:56 Moon Well
20:57 Moon Well
21:02 Ancient of War
21:13 Tree of Life
21:57 Moon Well
22:50 Ancient of Wonders
26:11 Tree of Life
» items
| Scroll of Town Portal | 2 | |
| Rod of Necromancy | 1 | |
| Potion of Healing | 3 | |
| Staff of Preservation | 2 | |
| Orb of Venom | 2 | |
10 total
nogainnoloss (
orange | 124 APM | 3535 actions | 28:26)
6 Death Knight
3 Death Coil
2 Unholy Aura
1 Animate Dead
5 Lich
3 Frost Nova
2 Frost Armor
» actions
| Assign group hotkey | 89 | |
| Basic commands | 8 | |
| Build / train | 94 | |
| ESC pressed | 13 | |
| Enter build submenu | 24 | |
| Enter hero's abilities submenu | 13 | |
| Give item / drop item | 3 | |
| Remove unit from queue | 2 | |
| Right click | 1677 | |
| Select / deselect | 492 | |
| Select group hotkey | 889 | |
| Use ability | 231 | |
3535 total
» units
| Acolyte | 11 | |
| Ghoul | 4 | |
| Crypt Fiend | 14 | |
| Obsidian Statue | 8 | |
| Frost Wyrm | 12 | |
49 total
» upgrades
| Creature Attack | 4 | |
| Creature Carapace | 3 | |
| Web | 1 | |
| Burrow | 1 | |
| Destroyer Form | 2 | |
| Freezing Breath | 1 | |
12 total
» buildings
| Graveyard | 1 | |
| Crypt | 1 | |
| Altar of Darkness | 1 | |
| Ziggurat | 9 | |
| Tomb of Relics | 1 | |
| Nerubian Tower | 1 | |
| Halls of the Dead | 1 | |
| Black Citadel | 2 | |
| Sacrificial Pit | 1 | |
| Slaughterhouse | 1 | |
| Boneyard | 3 | |
22 total
» build order
00:04 Graveyard
00:05 Crypt
00:17 Altar of Darkness
00:34 Ziggurat
01:01 Tomb of Relics
01:43 Ziggurat
03:02 Nerubian Tower
03:17 Ziggurat
05:04 Halls of the Dead
05:23 Ziggurat
06:40 Ziggurat
07:37 Black Citadel
07:37 Black Citadel
08:18 Sacrificial Pit
09:01 Slaughterhouse
10:09 Boneyard
10:38 Boneyard
10:52 Boneyard
10:56 Ziggurat
10:59 Ziggurat
11:28 Ziggurat
11:34 Ziggurat
» items
| Rod of Necromancy | 3 | |
| Orb of Corruption | 1 | |
| Scroll of Healing | 2 | |
| Lesser Clarity Potion | 1 | |
| Potion of Mana | 1 | |
| Scroll of Town Portal | 3 | |
11 total
team 2 (winner)
CoLeGePaRtYeR17 (
pink | 112 APM | 3181 actions | 28:26)
5 Archmage
3 Summon Water Elemental
2 Brilliance Aura
5 Mountain King
3 Storm Bolt
2 Bash
3 Paladin
1 Divine Shield
2 Holy Light
» actions
| Assign group hotkey | 44 | |
| Basic commands | 223 | |
| Build / train | 89 | |
| ESC pressed | 10 | |
| Enter build submenu | 30 | |
| Enter hero's abilities submenu | 13 | |
| Give item / drop item | 1 | |
| Remove unit from queue | 1 | |
| Right click | 1381 | |
| Select / deselect | 635 | |
| Select group hotkey | 561 | |
| Use ability | 191 | |
3181 total
» units
| Peasant | 13 | |
| Footman | 9 | |
| Sorceress | 9 | |
| Priest | 3 | |
| Dragonhawk Rider | 9 | |
43 total
» upgrades
| Masonry | 3 | |
| Priest Training | 2 | |
| Sorceress Training | 2 | |
| Magic Sentry | 1 | |
| Lumber Harvesting | 1 | |
| Plating | 2 | |
| Animal War Training | 1 | |
| Armor | 3 | |
15 total
» buildings
| Altar of Kings | 1 | |
| Barracks | 1 | |
| Farm | 9 | |
| Scout Tower | 7 | |
| Arcane Tower | 1 | |
| Keep | 1 | |
| Arcane Vault | 4 | |
| Lumber Mill | 1 | |
| Arcane Sanctum | 2 | |
| Guard Tower | 4 | |
| Castle | 1 | |
| Blacksmith | 1 | |
| Gryphon Aviary | 2 | |
| Town Hall | 1 | |
36 total
» build order
00:05 Altar of Kings
00:07 Barracks
00:17 Farm
00:56 Farm
01:45 Scout Tower
02:04 Farm
02:12 Arcane Tower
02:30 Farm
03:31 Keep
03:51 Arcane Vault
04:08 Lumber Mill
05:33 Scout Tower
05:35 Scout Tower
06:01 Arcane Sanctum
06:03 Arcane Sanctum
07:07 Farm
07:09 Farm
07:16 Arcane Vault
07:19 Arcane Vault
07:23 Scout Tower
07:25 Scout Tower
07:29 Scout Tower
07:55 Guard Tower
07:59 Guard Tower
08:01 Scout Tower
08:06 Guard Tower
08:29 Guard Tower
09:47 Arcane Vault
10:49 Farm
11:54 Castle
12:35 Blacksmith
21:35 Gryphon Aviary
21:36 Gryphon Aviary
23:02 Town Hall
25:27 Farm
25:29 Farm
» items
| Scroll of Town Portal | 3 | |
| Staff of Sanctuary | 1 | |
| Potion of Healing | 1 | |
| Scroll of Regeneration | 1 | |
6 total
GODIEPLZ (
red | 127 APM | 3620 actions | 28:27)
6 Death Knight
3 Death Coil
3 Unholy Aura
5 Lich
3 Frost Nova
2 Frost Armor
4 Dreadlord
2 Sleep
2 Carrion Swarm
» actions
| Assign group hotkey | 28 | |
| Basic commands | 256 | |
| Build / train | 72 | |
| Enter build submenu | 12 | |
| Enter hero's abilities submenu | 15 | |
| Give item / drop item | 2 | |
| Right click | 1586 | |
| Select / deselect | 951 | |
| Select group hotkey | 571 | |
| Use ability | 126 | |
3620 total
» units
| Acolyte | 11 | |
| Ghoul | 3 | |
| Crypt Fiend | 13 | |
| Obsidian Statue | 4 | |
31 total
» upgrades
| Burrow | 1 | |
| Creature Attack | 3 | |
| Web | 1 | |
| Creature Carapace | 2 | |
| Destroyer Form | 1 | |
8 total
» buildings
| Crypt | 1 | |
| Graveyard | 1 | |
| Altar of Darkness | 1 | |
| Ziggurat | 6 | |
| Tomb of Relics | 1 | |
| Nerubian Tower | 1 | |
| Halls of the Dead | 1 | |
| Slaughterhouse | 1 | |
| Black Citadel | 1 | |
| Spirit Tower | 1 | |
15 total
» build order
00:06 Crypt
00:19 Graveyard
00:43 Altar of Darkness
00:59 Ziggurat
01:26 Tomb of Relics
02:02 Ziggurat
02:40 Nerubian Tower
04:36 Halls of the Dead
05:19 Ziggurat
06:26 Ziggurat
07:28 Slaughterhouse
11:07 Ziggurat
11:39 Black Citadel
13:58 Spirit Tower
16:01 Ziggurat
» items
| Rod of Necromancy | 3 | |
| Dust of Appearance | 1 | |
| Potion of Healing | 2 | |
| Scroll of Town Portal | 5 | |
11 total

»
OakHill (
purple | 176 APM | 5004 actions | 28:26)
8 Paladin
3 Holy Light
3 Devotion Aura
1 Resurrection
1 Divine Shield
4 Mountain King
2 Storm Bolt
2 Bash
» actions
| Assign group hotkey | 43 | |
| Basic commands | 338 | |
| Build / train | 94 | |
| ESC pressed | 2 | |
| Enter build submenu | 29 | |
| Enter hero's abilities submenu | 12 | |
| Right click | 2030 | |
| Select / deselect | 822 | |
| Select group hotkey | 1523 | |
| Use ability | 111 | |
5004 total
» units
| Peasant | 17 | |
| Rifleman | 35 | |
| Flying Machine | 2 | |
54 total
» upgrades
| Long Rifles | 1 | |
| Gunpowder | 2 | |
| Armor | 2 | |
| Masonry | 1 | |
| Flak Cannons | 1 | |
7 total
» buildings
| Blacksmith | 1 | |
| Altar of Kings | 1 | |
| Barracks | 2 | |
| Farm | 13 | |
| Scout Tower | 6 | |
| Arcane Tower | 1 | |
| Keep | 1 | |
| Arcane Vault | 1 | |
| Town Hall | 2 | |
| Lumber Mill | 1 | |
| Guard Tower | 3 | |
| Castle | 1 | |
| Workshop | 1 | |
34 total
» build order
00:37 Blacksmith
00:51 Altar of Kings
00:58 Barracks
01:27 Farm
01:52 Farm
02:11 Scout Tower
02:18 Farm
02:49 Arcane Tower
03:01 Farm
04:24 Farm
04:40 Keep
04:54 Arcane Vault
05:48 Farm
06:27 Town Hall
07:45 Farm
07:55 Lumber Mill
11:03 Scout Tower
11:05 Scout Tower
11:29 Farm
11:39 Guard Tower
11:40 Farm
11:47 Scout Tower
12:31 Scout Tower
12:35 Barracks
12:37 Guard Tower
13:05 Guard Tower
13:24 Castle
13:56 Farm
14:08 Farm
14:23 Workshop
18:35 Town Hall
19:02 Farm
19:02 Farm
24:30 Scout Tower
» items
| Scroll of Regeneration | 5 | |
| Lesser Clarity Potion | 2 | |
| Potion of Healing | 1 | |
| Scroll of Town Portal | 2 | |
10 total
Chat log
(00:12 / All) GODIEPLZ: Man what is that race combo
(00:13 / Allies) OakHill: ill try rifles
(00:14 / All) GODIEPLZ: never seen b4
(00:23 / All) GnR10: owns
(00:26 / All) GODIEPLZ: really?
(00:29 / All) GODIEPLZ: how u play it
(00:38 / All) nogainnoloss: we will show you
(00:45 / All) GODIEPLZ: gee thx
(00:51 / All) CoLeGePaRtYeR17: DID YOU GET ANY HOT PUSSY IN COLLEGE?
(00:54 / All) CoLeGePaRtYeR17: NOPE, NERDS
(00:57 / All) nogainnoloss: yes
(01:12 / All) GnR10: i've banged more girls..and hotter.. than you 'll ever imagine
(01:16 / All) CoLeGePaRtYeR17: ROFL
(01:19 / All) GODIEPLZ: ok gnr10
(01:20 / All) CoLeGePaRtYeR17: YOU THINK
(01:22 / All) CoLeGePaRtYeR17: IM A JOKE?
(01:27 / All) nogainnoloss: yes
(01:31 / All) GnR10: yeah...
(01:32 / All) CoLeGePaRtYeR17: YOU BEST BE JOKING
(01:35 / Allies) OakHill: thumb this map down
(01:48 / All) nogainnoloss: you fuck fattys
(01:53 / All) GnR10: hahahhah OMFG
(01:55 / All) CoLeGePaRtYeR17: I FUCK SUPERMODELS
(01:59 / All) GnR10: yeah me too
(02:03 / All) nogainnoloss: yea plus size supermdoels
(02:03 / All) GnR10: 250 of them total
(02:05 / All) GnR10: TOP THAT
(02:06 / All) GnR10: FAGGOT
(02:28 / All) GODIEPLZ: guys i cant even see my units
(02:29 / All) GODIEPLZ: Dont lose
(04:02 / Allies) OakHill: wood
(05:29 / Allies) CoLeGePaRtYeR17: any suggestionsÉ
(08:30 / Allies) OakHill: walking
(12:15 / Allies) GODIEPLZ: that kotg lol
(12:20 / Allies) GODIEPLZ: rofl
(12:28 / Allies) GODIEPLZ: wanna push
(12:55 / Allies) OakHill: go
(12:56 / Allies) OakHill: get the hunts
(13:02 / Allies) OakHill: use dust talons
(13:08 / Allies) OakHill: ...
(13:36 / Allies) OakHill: im fine
(13:37 / Allies) OakHill: whjy u tp
(13:59 / Allies) OakHill: lets go
(14:01 / Allies) GODIEPLZ: sec
(14:05 / Allies) OakHill: jesus lord
(14:13 / Allies) GODIEPLZ: -.-
(14:14 / Allies) OakHill: hope u got poly
(14:21 / Allies) CoLeGePaRtYeR17: researching
(14:59 / Allies) OakHill: out
(16:03 / Allies) OakHill: b
(19:48 / Allies) CoLeGePaRtYeR17: oh
(19:50 / Allies) CoLeGePaRtYeR17: i forgot i had this
(22:35 / Allies) GODIEPLZ: they're feeding
(23:39 / Allies) GODIEPLZ: sigh
(26:35 / All) OakHill: drats almost lost a unit
(26:59 / All) GnR10: heal what
(27:08 / All) OakHill: close game